 Dungeon Crawl Stone Soup version 0.30-a0-782-ge64f9170bb (webtiles) character file.

Game seed: 4021806035683403241

1960 mbizzle the Destroyer (level 9, -3/45 HPs)
             Began as a Deep Elf Conjurer on Mar 16, 2023.
             Slain by an iguana (7 damage)
             ... on level 6 of the Dungeon.
             The game lasted 00:10:24 (7222 turns).

mbizzle the Destroyer (Deep Elf Conjurer)           Turns: 7222, Time: 00:10:25

Health: -3/45      AC:  5    Str:  4    XL:     9   Next: 0%
Magic:  2/22       EV: 11    Int: 28    God:
Gold:   356        SH:  0    Dex: 13    Spells: 16/23 levels left

rFire   . . .      SeeInvis .    x - +0 whip
rCold   . . .      Faith    .    (no shield)
rNeg    . . .      Spirit   .    i - +1 leather armour {rPois}
rPois   +          Reflect  .    (no helmet)
rElec   .          Harm     .    (no cloak)
rCorr   .          Rampage  .    w - +0 pair of gloves
Will    +....                    (no boots)
Stlth   ++                       (no amulet)
HPRegen 0.27/turn                r - ring of willpower
MPRegen 0.18/turn                (no ring)

@: no status effects
A: no striking features
a: no special abilities


You were on level 6 of the Dungeon.
You visited 2 branches of the dungeon, and saw 7 of its levels.
You also visited: Sewer.

You collected 356 gold pieces.

Inventory:

Hand Weapons
 x - a +0 whip (weapon)
Missiles
 v - 2 throwing nets
Armour
 a - a +0 robe
 i - a +1 leather armour of poison resistance (worn)
 w - a +0 pair of gloves (worn)
Jewellery
 g - a ring of ice
 r - a ring of willpower (left hand)
Scrolls
 f - 4 scrolls of amnesia
 h - a scroll of enchant weapon
 j - a scroll of fog {unknown}
 k - a scroll of teleportation
 l - a scroll of noise {unknown}
 n - a scroll of blinking {unknown}
 s - a scroll of enchant armour {unknown}
 t - a scroll of vulnerability {unknown}
 y - a scroll of brand weapon {unknown}
 B - a scroll of fear {unknown}
 C - a scroll of poison {unknown}
Potions
 b - 2 potions of magic
 c - 2 potions of flight
 d - 5 potions of curing
 e - a potion of might
 m - 2 potions of berserk rage
 o - a potion of resistance
 p - 2 potions of brilliance
 q - a potion of attraction
 u - a potion of mutation
 z - 3 potions of invisibility
 A - 2 potions of haste {unknown}


   Skills:
 - Level 2.4 Dodging
 - Level 2.4 Stealth
 + Level 7.7 Spellcasting
 * Level 9.6 Conjurations
 * Level 7.4 Translocations


You had 16 spell levels left.
You knew the following spells:

 Your Spells              Type           Power      Damage    Failure   Level
a - Magic Dart            Conj           100%       1d8       1%          1
b - Searing Ray           Conj           100%       2d8       1%          2
c - Iskenderun's Mystic   Conj/Tloc      55%        2d12      2%          4

Your spell library contained the following spells:

 Spells                   Type           Power      Damage    Failure   Level
 Dazzling Flash           Conj/Hex       74%        N/A       3%          3
 Portal Projectile        Hex/Tloc       62%        N/A       6%          3
 Beastly Appendage        Tmut           20%        N/A       9%          1
 Fulminant Prism          Conj/Hex       18%        3d11      13%         4
 Wereblood                Tmut           10%        N/A       14%         2
 Call Canine Familiar     Summ           10%        N/A       26%         3
 Frozen Ramparts          Ice            20%        1d4       26%         3
 Spider Form              Tmut/Pois      10%        N/A       26%         3
 Ice Form                 Ice/Tmut       10%        N/A       65%         4
 Leda's Liquefaction      Hex/Erth       5%         N/A       65%         4
 Summon Ice Beast         Ice/Summ       10%        N/A       65%         4


Dungeon Overview and Level Annotations

Branches:
Dungeon (6/15)             Temple (1/1) D:4           Sewer (visited)

Altars:
Ashenzari
Cheibriados
Dithmenos
Elyvilon
Fedhas
Gozag
Hepliaklqana
Kikubaaqudgha
Makhleb
Nemelex Xobeh
Okawaru
Qazlal
Ru
Trog
Wu Jian
Xom
Yredelemnul
Zin
The Shining One


Message History

The magic dart hits the iguana but does no damage.
The iguana is heavily wounded.
The iguana barely misses you.
You are out of magic!
You are out of magic!
You are out of magic!
You hit the iguana but do no damage.
The iguana is heavily wounded.
The iguana barely misses you.
You hit the iguana but do no damage.
The iguana is heavily wounded.
The iguana hisses menacingly.
The iguana closely misses you.
You closely miss the iguana.
The iguana is heavily wounded.
The iguana bites you but does no damage.
You hit the iguana but do no damage.
The iguana is heavily wounded.
The iguana bites you!
You hit the iguana.
The iguana is severely wounded.
The iguana bites you.
You closely miss the iguana.
The iguana is severely wounded.
The iguana bites you but does no damage.
You hit the iguana but do no damage.
The iguana is severely wounded.
The iguana bites you but does no damage.
You hit the iguana but do no damage. Your punch misses the iguana.
The iguana is severely wounded.
The iguana bites you.
You closely miss the iguana. Your punch misses the iguana.
The iguana is severely wounded.
The iguana hisses menacingly.
The iguana bites you!
* * * LOW HITPOINT WARNING * * *
You hit the iguana.
The iguana is severely wounded.
The iguana bites you!
You die...

#.# #..#.##.#.##.### #.#
#..#.##.#.##.#..
############.#
#..#.#..#.##....
#............#
#..#.#.##.##.###
#.#########..###..#.#.##.#.##
#.###### #..##...#.#.##..##
#......# #..##...........#
#.####.####(.##...#.....#.#
#.# #........@l........##.#
#.# ######(.########..## #.#
#.# #(.# #)).......
#.#########..# ##)######..
#.......<....# #)# ..
#.###........# #.# .
#.###.######## #.#
##)##...### l# #.........# ##


You could see an iguana.

Vanquished Creatures
  Grinder (Sewer)
  2 ice beasts
  4 ogres
  2 phantoms
  A bullfrog (D:6)
  A necrophage (Sewer)
  A kobold brigand (D:6)
  A gnoll sergeant (D:6)
  5 wights
  A howler monkey (D:5)
  A gnoll bouda (D:6)
  4 hounds
  Robin (D:4)
  15 gnolls
  7 adders
  A shadow imp (Sewer)
  4 ufetubi (Sewer)
  3 worms
  6 dart slugs
  8 orcs
  11 ball pythons
  5 bats
  A bat zombie (Sewer)
  7 endoplasms
  4 giant cockroaches
  13 goblins
  6 hobgoblins
  4 jackals (D:4)
  8 quokkas
  7 frilled lizards
  2 giant cockroach zombies (Sewer)
  27 kobolds
  A kobold zombie (Sewer)
  5 rats
170 creatures vanquished.

Notes
Turn   | Place    | Note
-------+----------+-------------------------------------------
     0 | D:1      | mbizzle the Deep Elf Conjurer began the quest for the Orb.
     0 | D:1      | Reached XP level 1. HP: 10/10 MP: 6/6
   476 | D:1      | Reached XP level 2. HP: 15/15 MP: 5/8
   664 | D:1      | Reached skill level 5 in Conjurations
  1057 | D:1      | Learned a level 2 spell: Searing Ray
  1105 | D:2      | Reached XP level 3. HP: 19/19 MP: 6/10
  1314 | D:2      | Found a burning altar of Makhleb.
  1420 | D:2      | Reached XP level 4. HP: 24/24 MP: 8/12
  1478 | D:2      | Learned a level 4 spell: Iskenderun's Mystic Blast
  1947 | D:3      | Reached skill level 1 in Translocations
  1970 | D:3      | Reached skill level 6 in Conjurations
  1971 | D:3      | Reached XP level 5. HP: 26/28 MP: 6/13
  2761 | D:3      | Found an ancient bone altar of Kikubaaqudgha.
  2794 | D:4      | Noticed an ogre
  2801 | D:4      | Killed an ogre
  2901 | D:4      | Reached skill level 5 in Spellcasting
  2901 | D:4      | Reached XP level 6. HP: 15/32 MP: 4/15
  3038 | D:4      | Found a staircase to the Ecumenical Temple.
  3047 | Temple   | Entered the Ecumenical Temple
  3237 | D:4      | Reached skill level 7 in Conjurations
  3646 | D:4      | Noticed Robin
  3648 | D:4      | Reached XP level 7. HP: 36/36 MP: 15/17
  3655 | D:4      | Killed Robin
  4645 | D:5      | Entered Level 5 of the Dungeon
  5025 | D:5      | Reached skill level 8 in Conjurations
  5025 | D:5      | Reached skill level 5 in Translocations
  5260 | D:5      | Reached XP level 8. HP: 34/41 MP: 10/19
  6146 | D:6      | Found a glowing drain.
  6156 | Sewer    | Entered a sewer
  6501 | Sewer    | Reached skill level 9 in Conjurations
  6605 | Sewer    | Found an ancient bone altar of Kikubaaqudgha.
  6774 | Sewer    | Noticed Grinder
  6785 | Sewer    | Killed Grinder
  7194 | D:6      | Reached XP level 9. HP: 45/45 MP: 9/22
  7222 | D:6      | Slain by an iguana

Illustrated notes

Levels and vault maps discovered:
D:1:      psy_arrival_basics, layout_loops_corners
D:2:      layout_rooms, basic_altar, grunt_ministairs_1, minmay_pentomino_u2
D:3:      layout_basic, kiku_gazebo_garden_becter
D:4:      layout_basic, minmay_temple_entry_glassed_door, uniq_robin
D:5:      layout_basic
D:6:      layout_loops_ring, portal_sewer_entry_b
Temple:   compressed_dpeg_circular_temple

Skill      XL: |  1  2  3  4  5  6  7  8 |
---------------+-------------------------+-----
Conjurations   | 5 6 7 8 9 |  9.6
Spellcasting   | 4 5 6 7 |  7.7
Translocations | 1 2 3 5 7 |  7.4
Dodging        | |  2.4
Stealth        | |  2.4

Action                     |  1- 3 |  4- 6 |  7- 9 || total
---------------------------+-------+-------+-------++-------
  Melee: Whip              |       |       |    10 ||    10
   Cast: Magic Dart        |    59 |   110 |   163 ||   332
         Searing Ray       |       |     7 |    31 ||    38
         Iskenderun's Myst |       |       |     2 ||     2
    Use: Scroll            |       |       |    12 ||    12
 Armour: Leather armour    |       |     8 |    11 ||    19
  Dodge: Dodged            |       |    11 |    33 ||    44

Table legend: (Time is in decaauts)
 A = Elapsed time spent in this place.
 B = Non-inter-level travel time spent in this place.
 C = Inter-level travel time spent in this place.
 D = Time resting spent in this place.
 E = Time spent auto-exploring this place.
 F = Levels seen in this place.
 G = Mean time per level.
                   A        B        C        D        E       F      G
               +--------+--------+--------+--------+--------+-----+--------+
         Total |   7237 |   7147 |     90 |    640 |   5538 |   8 |  904.6 |
       Dungeon |   6272 |   6182 |     90 |    369 |   5011 |   6 | 1045.3 |
        Temple |    115 |    115 |      0 |      0 |     87 |   1 |  115.0 |
         Sewer |    849 |    849 |      0 |    271 |    439 |   1 |  849.0 |
               +--------+--------+--------+--------+--------+-----+--------+

Top non-repeatable levels by time:
     D:4: 1870 daAuts
     D:5: 1084 daAuts
     D:1: 1082 daAuts
     D:3: 881 daAuts
   Sewer: 849 daAuts
     D:2: 820 daAuts
     D:6: 532 daAuts
  Temple: 115 daAuts
